 Dungeon Crawl Stone Soup version 0.30-a0-335-ge5acde7520 (webtiles) character file.

Game seed: 3418628692160804372

980 greasedhog the Chopper (level 7, -2/61 HPs)
             Began as a Minotaur Fighter on Oct 30, 2022.
             Was a Follower of Okawaru.
             Slain by an ogre
             ... wielding a +0 giant club
              (18 damage)
             ... on level 6 of the Dungeon.
             The game lasted 00:04:24 (4146 turns).

greasedhog the Chopper (Minotaur Fighter)           Turns: 4146, Time: 00:04:25

Health: -2/61      AC:  8    Str: 23    XL:     7   Next: 96%
Magic:  6/7        EV: 10    Int:  5    God:    Okawaru [*.....]
Gold:   276        SH:  4    Dex:  9    Spells: 6/6 levels left

rFire   . . .      SeeInvis .    a - +0 war axe (freeze)
rCold   . . .      Faith    .    c - +0 buckler
rNeg    . . .      Spirit   .    b - +0 scale mail
rPois   +          Reflect  .    (helmet restricted)
rElec   .          Harm     .    (no cloak)
rCorr   .          Rampage  .    m - +0 pair of gloves
Will    .....                    (no boots)
Stlth   ..........               (no amulet)
HPRegen 0.30/turn                i - ring of poison resistance
MPRegen 0.10/turn                k - +4 ring of slaying

@: no status effects
A: horns 2, retaliatory headbutt
a: Renounce Religion, Heroism


You were on level 6 of the Dungeon.
You worshipped Okawaru.
Okawaru was aware of your devotion.
You visited 2 branches of the dungeon, and saw 7 of its levels.

You collected 276 gold pieces.

Inventory:

Hand Weapons
 a - a +0 war axe of freezing (weapon)
 p - a +1 mace of draining
Missiles
 f - 6 curare-tipped darts (quivered)
Armour
 b - a +0 scale mail (worn)
 c - a +0 buckler (worn)
 m - a +0 pair of gloves (worn)
Jewellery
 i - a ring of poison resistance (left hand)
 k - a +4 ring of slaying (right hand)
Scrolls
 l - 3 scrolls of teleportation
 n - 2 scrolls of brand weapon
 r - a scroll of fear {unknown}
 s - a scroll of immolation {unknown}
 t - a scroll of amnesia {unknown}
 w - 2 scrolls of enchant weapon {unknown}
Potions
 d - a potion of might
 e - a potion of heal wounds {unknown}
 g - 2 potions of degeneration {unknown}
 h - 2 potions of attraction {unknown}
 j - 2 potions of invisibility {unknown}
 o - 3 potions of brilliance {unknown}
 q - a potion of resistance {unknown}
 u - a potion of berserk rage {unknown}
 v - a potion of mutation {unknown}
 x - a potion of magic {unknown}
 z - a potion of flight {unknown}


   Skills:
 - Level 5.4 Fighting
 * Level 6.8 Axes
 + Level 1.6 Throwing
 - Level 5.7 Armour
 * Level 3.5 Dodging
 - Level 5.1 Shields
 + Level 1.5 Invocations


You had 6 spell levels left.
You didn't know any spells.
Your spell library contained the following spells:

 Spells                   Type           Power      Damage    Failure   Level
 Beastly Appendage        Tmut           0%         N/A       86%         1
 Blink                    Tloc           0%         N/A       94%         2
 Momentum Strike          Conj/Tloc      0%         3d8       94%         2
 Wereblood                Tmut           0%         N/A       94%         2
 Lesser Beckoning         Tloc           0%         N/A       99%         3
 Spider Form              Tmut/Pois      0%         N/A       99%         3


Dungeon Overview and Level Annotations

Branches:
Dungeon (6/15)             Temple (1/1) D:4

Altars:
Cheibriados
Elyvilon
Fedhas
Gozag
Hepliaklqana
Kikubaaqudgha
Makhleb
Nemelex Xobeh
Okawaru
Qazlal
Sif Muna
Trog
Uskayaw
Vehumet
Xom
Yredelemnul
Zin
The Shining One

Annotations:
D:6 Dowan


Innate Abilities, Weirdness & Mutations

You have a pair of horns on your head.
You reflexively headbutt those who attack you in melee.


Message History

Duvessa barely misses you. Dowan hits you with a +0 dagger.
You hit Duvessa. You freeze Duvessa.
Duvessa is moderately wounded.
You hit Dowan. Duvessa barely misses you. You furiously retaliate!
You headbutt Duvessa. Duvessa hits you with a +0 short sword.
Dowan hits you but does no damage.
You slash Duvessa! You freeze Duvessa.
Duvessa is severely wounded.
You hit Dowan but do no damage. Duvessa hits you with a +0 short sword.
You block Dowan's attack. Duvessa hits you but does no damage.
You barely miss Dowan.
Dowan is moderately wounded.
You hit Duvessa but do no damage. Duvessa misses you.
Dowan hits you but does no damage. Duvessa hits you but does no damage.
You hit Dowan.
Dowan is heavily wounded.
You hit Duvessa. You freeze Duvessa. Duvessa hits you with a +0 short sword!
Dowan hits you but does no damage.
You hit Dowan but do no damage.
Dowan is heavily wounded.
You hit Duvessa but do no damage. Duvessa closely misses you.
Dowan casts a spell.
Dowan blinks!
Duvessa hits you with a +0 short sword.
You hit Duvessa. You freeze Duvessa.
Duvessa is almost dead.
You barely miss the ogre. Duvessa hits you but does no damage.
You block the ogre's attack. Duvessa hits you with a +0 short sword.
You hit the ogre. You freeze the ogre.
The ogre is lightly wounded.
You hit Duvessa. You freeze Duvessa.
You kill Duvessa!
Okawaru accepts your kill.
Dowan seems overcome with grief.
Dowan seems to find hidden reserves of power!
The ogre hits you with a +0 giant club!!
* * * LOW HITPOINT WARNING * * *
You slash the ogre! You freeze the ogre.
The ogre is heavily wounded.
The ogre hits you with a +0 giant club!!
You die...

......# #.....#
#.....# #.....#
#.....#
#.....#.#..
#.#)O.e....
#..########.#@#
#............#
#######..####..#
#..>.....#
##.#####.# #.#
..
#######.#####.##
#...........# #
#.....#.###.#


You could see an ogre and Dowan (fast).

Vanquished Creatures
  Duvessa (D:6)
  An ice beast (D:6)
  An ogre (D:5)
  A centaur (D:5)
  A phantom (D:5)
  A scorpion (D:4)
  An orc priest (D:5)
  2 hounds (D:4)
  A jelly (D:5)
  5 orc wizards
  3 iguanas (D:5)
  6 adders
  A shadow imp (D:5)
  A white imp (D:5)
  3 worms
  2 dart slugs (D:3)
  12 orcs
  9 ball pythons
  5 endoplasms
  5 giant cockroaches
  4 goblins
  6 hobgoblins
  2 jackals (D:1)
  4 kobolds
  4 quokkas
  3 bats
  5 frilled lizards
  5 rats
95 creatures vanquished.

Vanquished Creatures (others)
  9 plants (D:1)
9 creatures vanquished.

Grand Total: 104 creatures vanquished

Notes
Turn   | Place    | Note
-------+----------+-------------------------------------------
     0 | D:1      | greasedhog the Minotaur Fighter began the quest for the
                  | Orb.
     0 | D:1      | Reached XP level 1. HP: 19/19 MP: 0/0
    76 | D:1      | Reached XP level 2. HP: 27/27 MP: 1/1
   650 | D:2      | Reached skill level 3 in Axes
   730 | D:2      | Reached XP level 3. HP: 32/33 MP: 2/2
  1519 | D:3      | Reached XP level 4. HP: 41/41 MP: 3/3
  2013 | D:3      | Found a shimmering altar of Xom.
  2116 | D:4      | Found a glowing silver altar of Zin.
  2116 | D:4      | Found a hide-covered altar of Uskayaw.
  2117 | D:4      | Found a basalt altar of Yredelemnul.
  2142 | D:4      | Reached skill level 4 in Axes
  2213 | D:4      | Found a staircase to the Ecumenical Temple.
  2250 | D:4      | Reached XP level 5. HP: 33/47 MP: 4/4
  2275 | Temple   | Entered the Ecumenical Temple
  2400 | Temple   | Became a worshipper of Warmaster Okawaru
  2566 | D:4      | Reached skill level 5 in Fighting
  2826 | D:4      | Reached XP level 6. HP: 54/56 MP: 5/5
  3127 | D:5      | Entered Level 5 of the Dungeon
  3133 | D:5      | Reached skill level 5 in Axes
  3133 | D:5      | Reached skill level 5 in Armour
  3188 | D:5      | Reached skill level 1 in Dodging
  3323 | D:5      | Reached skill level 5 in Shields
  3323 | D:5      | Reached * piety under Okawaru
  3324 | D:5      | Reached XP level 7. HP: 48/61 MP: 6/6
  3465 | D:5      | Reached skill level 6 in Axes
  3577 | D:5      | Reached skill level 1 in Throwing
  3577 | D:5      | Reached skill level 1 in Invocations
  4135 | D:6      | Noticed Dowan
  4135 | D:6      | Noticed Duvessa
  4145 | D:6      | Killed Duvessa
  4146 | D:6      | Slain by an ogre

Illustrated notes

Levels and vault maps discovered:
D:1:      roderic_crop_circles_arrival_small, layout_basic
D:2:      layout_basic
D:3:      layout_loops_ring, nicolae_overflow_hidden_temple,
          kennysheep_cross_bottleneck
D:4:      layout_basic, gammafunk_temple_overflow_claw, temple_doors_e
D:5:      layout_layer_cave
D:6:      layout_basic, cheibrodos_ashenzari_chains, enter_ossuary_3,
          uniq_crazy_yiuf_cottage, uniq_duvessa
Temple:   compressed_dpeg_circular_temple

Skill      XL: |  1  2  3  4  5  6  7 |
---------------+----------------------+-----
Fighting       | 4 5 |  5.4
Axes           | 3 4 5 6 |  6.8
Armour         | 4 5 |  5.7
Shields        | 4 5 |  5.1
Dodging        | 1 3 |  3.5
Throwing       | 1 |  1.6
Invocations    | 1 |  1.5

Action                   |  1- 3 |  4- 6 |  7- 9 || total
-------------------------+-------+-------+-------++-------
Melee: War axe           |    69 |    66 |    33 ||   168
       Headbutt          |     9 |     7 |     4 ||    20
Throw: Dart              |       |     1 |       ||     1
  Use: Scroll            |     3 |     1 |       ||     4
Armor: Scale mail        |    40 |    36 |    24 ||   100
Dodge: Dodged            |    29 |    17 |    12 ||    58
Block: Buckler           |    16 |    10 |     4 ||    30

Table legend: (Time is in decaauts)
 A = Elapsed time spent in this place.
 B = Non-inter-level travel time spent in this place.
 C = Inter-level travel time spent in this place.
 D = Time resting spent in this place.
 E = Time spent auto-exploring this place.
 F = Levels seen in this place.
 G = Mean time per level.
                   A        B        C        D        E       F      G
               +--------+--------+--------+--------+--------+-----+--------+
         Total |   4201 |   3753 |    448 |     55 |   3149 |   7 |  600.1 |
       Dungeon |   4044 |   3634 |    410 |     55 |   3044 |   6 |  674.0 |
        Temple |    156 |    118 |     38 |      0 |    105 |   1 |  156.0 |
               +--------+--------+--------+--------+--------+-----+--------+

Top non-repeatable levels by time:
     D:5: 982 daAuts
     D:4: 920 daAuts
     D:3: 863 daAuts
     D:1: 785 daAuts
     D:2: 444 daAuts
  Temple: 156 daAuts
     D:6: 47 daAuts
